 Dungeon Crawl Stone Soup version 0.16.1-2-g95b8d4c (webtiles) character file.

20602 Leibowitz the Nimble (level 12, -1/102 HPs)
             Began as a Demigod Gladiator on Mar 25, 2015.
             Rolled over by a boulder beetle (31 damage)
             ... on level 4 of the Lair of Beasts on Mar 26, 2015.
             The game lasted 01:13:14 (16770 turns).

Leibowitz the Nimble (Demigod Gladiator)           Turns: 16770, Time: 01:13:14

Health: -1/102     AC: 12    Str: 26    XL:     12   Next: 17%
Magic:  19/19      EV: 23    Int: 12    God:
Gold:   814        SH:  0    Dex: 24    Spells: 0 memorised, 11 levels left

rFire  . . .     SeeInvis +     a - +1 trident
rCold  + + .     Clarity  +     w - +2 ring mail of Waaraqo {rPois Dex+4 Stlth-}
rNeg   . . .     SustAb   +     (no shield)
rPois  +         Gourm    .     L - +1 hat {SInv}
rElec  +         Spirit   .     Q - +0 cloak
rCorr  .         Warding  .     J - +0 pair of gloves "Byrao" {rElec rC+ SInv}
rMut   .         Stasis   .     (no boots)
MR     ++...                    G - amulet of clarity
Stlth  ++........               e - ring of protection from magic
                                p - ring of protection from cold

@: very resistant to hostile enchantments, unstealthy
A: agile 1, mutation resistance 1, strong 1, sustain abilities
a: no special abilities


You were on level 4 of the Lair of Beasts.
You were hungry.

You visited 2 branches of the dungeon, and saw 13 of its levels.

You collected 814 gold pieces.

Inventory:

Hand weapons
 a - a +1 trident (weapon)
 E - a +0 spear of piercing
 R - a +0 dagger of venom
Missiles
 c - 8 javelins (quivered)
 n - 12 poisoned needles
 S - a throwing net
Armour
 r - a +2 robe of cold resistance
 w - the +2 ring mail of Waaraqo (worn) {rPois Dex+4 Stlth-}
   (You found it on level 5 of the Dungeon)

   It affects your dexterity (+4).
   It protects you from poison.
   It makes you less stealthy.
 J - the +0 pair of gloves "Byrao" (worn) {rElec rC+ SInv}
   (You found it on level 7 of the Dungeon)

   It protects you from cold.
   It insulates you from electricity.
   It enhances your eyesight.
 L - a +1 hat of see invisible (worn)
 Q - a +0 cloak (worn)
Jewellery
 e - a ring of protection from magic (right hand)
 h - an uncursed ring of teleportation
 m - an uncursed amulet of resist mutation
 p - a ring of protection from cold (left hand)
 y - an uncursed ring of wizardry
 B - an uncursed amulet of rage
 G - an amulet of clarity (around neck)
Magical devices
 d - a wand of fire (0)
 q - a wand of fireball (3)
 z - a wand of magic darts (9)
 I - a wand of cold (8)
 N - a wand of polymorph (6)
 O - a wand of frost (4)
 P - a wand of teleportation (2)
 W - a wand of flame (30)
Scrolls
 b - 3 scrolls of enchant weapon
 g - 4 scrolls of enchant armour
 k - 2 scrolls of recharging
 t - 7 scrolls of remove curse
 D - a scroll of magic mapping
 F - 2 scrolls of amnesia
 K - 6 scrolls of identify
 T - 5 scrolls of teleportation
 U - a scroll of blinking
 V - 3 scrolls of fear
Potions
 i - 2 potions of restore abilities
 o - a potion of cure mutation
 s - 2 potions of brilliance
 u - 4 potions of ambrosia
 v - a potion of heal wounds
 A - 3 potions of agility
 H - 2 potions of cancellation
 M - 2 potions of curing
Comestibles
 f - 5 bread rations
 j - 4 meat rations
 l - a slice of pizza
 x - 3 beef jerkies
 C - 15 fruits


   Skills:
 + Level 8.3 Fighting
 + Level 0.1 Short Blades
 + Level 10.6 Polearms
 + Level 3.7 Throwing
 + Level 6.5 Armour
 + Level 11.2 Dodging
 + Level 5.5 Stealth
 + Level 0.2 Evocations


You had 11 spell levels left.
You didn't know any spells.

Dungeon Overview and Level Annotations

Branches:
Dungeon (9/15)             Temple (0/1) D:5            Lair (4/8) D:9
    Orc (0/4) D:9
  Swamp: Lair:3-6    Shoals: Lair:3-6     Snake: Lair:3-6    Spider: Lair:3-6


Innate Abilities, Weirdness & Mutations

Your attributes are resistant to harm.
You are agile. (Dex +2)
You are somewhat resistant to further mutation.
Your muscles are strong. (Str +2)


Message History

The boulder beetle is moderately wounded.
You hit the boulder beetle.
The boulder beetle is heavily wounded.
The boulder beetle misses you.
You barely miss the boulder beetle.
The boulder beetle is heavily wounded.
You hit the boulder beetle but do no damage.
The boulder beetle is heavily wounded.
The boulder beetle bites you!!
* * * LOW HITPOINT WARNING * * *
You hit the boulder beetle but do no damage.
The boulder beetle is heavily wounded.
You hit the boulder beetle but do no damage.
The boulder beetle is heavily wounded.
The boulder beetle completely misses you.
You hit the boulder beetle but do no damage.
The boulder beetle is heavily wounded.
The boulder beetle curls into a ball and starts rolling!
The boulder beetle smashes into you!
You die...

########.....#####.#
# ##..>..##...# #
###...P#P..# #
#..P.....#
#P...#...#
##......## ##....##
##.....# #....@##
###..B.# ##....§###
#..$..§..#
##......## #...#....
#...#.....
.....#.....
..###......


You could see a boulder beetle.

Vanquished Creatures
  Rupert (Lair:4)
  Gastronok (Lair:3)
  A hydra (Lair:1)
  The ghost of Chiseanne the Blocker, an experienced FoFi of Gozag (D:8)
  A hill giant (D:6)
  The ghost of Chiseanne the Shield-Bearer, an experienced FoFi of Makhleb (D:6)
  A siren (Lair:3)
  Maurice (D:9)
  A black mamba (Lair:2)
  4 komodo dragons
  5 spiny frogs
  A polar bear (Lair:2)
  A troll (D:9)
  Grinder (D:3)
  3 blink frogs (Lair:4)
  2 spriggans (Lair:2)
  A wyvern (D:8)
  15 yaks
  Eustachio (D:5)
  5 hippogriffs
  7 water moccasins
  3 wolves (Lair:2)
  5 porcupines
  2 sky beasts (D:5)
  2 orc warriors (D:9)
  7 ogres
  5 phantoms
  A centaur (D:8)
  A black bear (Lair:2)
  A necrophage (D:6)
  11 crocodiles
  An ice beast (D:8)
  2 big kobolds (D:8)
  13 giant frogs
  Blork the orc (D:7)
  A gnoll sergeant (D:7)
  4 scorpions
  A goliath beetle (D:9)
  4 wights (D:6)
  A giant frog zombie (D:9)
  5 crimson imps
  A quasit (D:5)
  3 jellies (D:9)
  2 hounds
  6 iguanas
  5 orc priests
  3 giant frog skeletons
  7 worker ants
  4 orc wizards
  8 sheep (Lair:1)
  Ijyb (D:5)
  Jessica (D:3)
  2 hound zombies
  Terence (D:3)
  A worker ant zombie (D:5)
  19 adders
  3 gnolls (D:7)
  49 river rats
  3 shadow imps
  A white imp (D:5)
  A worm (D:3)
  11 giant geckos
  An ooze (D:3)
  14 orcs
  4 giant cockroaches
  22 goblins
  19 hobgoblins
  14 jackals
  20 kobolds
  9 quokkas
  3 ball pythons
  12 bats
  A giant gecko skeleton (D:5)
  6 giant newts
  3 jackal skeletons
  A quokka skeleton (D:4)
  14 rats
  A plant (D:9)
402 creatures vanquished.

Vanquished Creatures (others)
  A fungus (Lair:1)
  4 plants
5 creatures vanquished.

Grand Total: 407 creatures vanquished

Notes
Turn   | Place    | Note
--------------------------------------------------------------
     0 | D:1      | Leibowitz, the Demigod Gladiator, began the quest for the Orb.
     0 | D:1      | Reached XP level 1. HP: 17/17 MP: 2/2
   321 | D:1      | Reached skill level 3 in Polearms
   413 | D:1      | Reached XP level 2. HP: 22/24 MP: 3/3
   910 | D:2      | Reached XP level 3. HP: 18/29 MP: 5/5
  1053 | D:2      | Gained mutation: Your muscles are strong. (Str +2) [potion of mutation]
  1053 | D:2      | Gained mutation: You are agile. (Dex +2) [potion of mutation]
  1053 | D:2      | Gained mutation: You are somewhat resistant to further mutation. [potion of mutation]
  1576 | D:3      | Noticed Terence
  1607 | D:3      | Killed Terence
  1607 | D:3      | Reached skill level 1 in Armour
  1947 | D:3      | Reached XP level 4. HP: 36/36 MP: 7/7
  2118 | D:3      | Noticed Jessica
  2128 | D:3      | Killed Jessica
  2160 | D:3      | Noticed Grinder
  2176 | D:3      | Killed Grinder
  2176 | D:3      | Reached skill level 4 in Polearms
  2176 | D:3      | Reached skill level 1 in Stealth
  2176 | D:3      | Reached XP level 5. HP: 37/42 MP: 8/8
  2345 | D:3      | Reached XP level 6. HP: 45/50 MP: 10/10
  2966 | D:4      | Found a basalt altar of Yredelemnul.
  3557 | D:4      | Reached XP level 7. HP: 33/57 MP: 12/12
  3763 | D:5      | Entered Level 5 of the Dungeon
  3772 | D:5      | Noticed Ijyb
  3814 | D:5      | Killed Ijyb
  3889 | D:5      | Noticed Eustachio
  4012 | D:5      | Reached skill level 5 in Dodging
  4016 | D:5      | Found an ancient bone altar of Kikubaaqudgha.
  4162 | D:5      | Found a blossoming altar of Fedhas.
  4206 | D:5      | Reached skill level 5 in Polearms
  4653 | D:5      | Got a jacinth-encrusted ring mail
  4853 | D:6      | Identified the +2 ring mail of Waaraqo {rPois Dex+4 Stlth-} (You found it on level 5 of the Dungeon)
  4872 | D:6      | Noticed a hill giant
  4903 | D:6      | Killed a hill giant
  4903 | D:6      | Reached skill level 6 in Dodging
  4903 | D:6      | Reached XP level 8. HP: 43/66 MP: 13/13
  5166 | D:6      | Noticed Chiseanne's ghost (experienced FoFi)
  5220 | D:6      | Killed Chiseanne's ghost
  5220 | D:6      | Reached skill level 7 in Dodging
  5506 | D:5      | Reached XP level 9. HP: 69/72 MP: 15/15
  5604 | D:5      | Killed Eustachio
  5724 | D:5      | Found a staircase to the Ecumenical Temple.
  6144 | D:6      | Reached skill level 5 in Fighting
  6152 | D:6      | Reached skill level 8 in Dodging
  6483 | D:7      | Got a pair of faintly humming gloves
  6494 | D:7      | Identified the +0 pair of gloves "Byrao" {rElec rC+ SInv} (You found it on level 7 of the Dungeon)
  6556 | D:7      | Noticed Blork the orc
  6571 | D:7      | Killed Blork the orc
  7460 | D:8      | Found an iron altar of Okawaru.
  7871 | D:8      | Noticed Chiseanne's ghost (experienced FoFi)
  7941 | D:8      | Killed Chiseanne's ghost
  7941 | D:8      | Reached XP level 10. HP: 67/83 MP: 17/17
  8216 | D:8      | Reached skill level 9 in Dodging
  8258 | D:9      | Found a radiant altar of Vehumet.
  8258 | D:9      | Found a glowing golden altar of the Shining One.
  8259 | D:9      | Found a snail-covered altar of Cheibriados.
  8260 | D:9      | Found a sparkling altar of Nemelex Xobeh.
  8268 | D:9      | Noticed Maurice
  8290 | D:9      | Killed Maurice
  8623 | D:9      | Found a staircase to the Orcish Mines.
  8859 | D:9      | HP: 4/83 [troll (12)]
  9500 | D:9      | Found a staircase to the Lair.
  9746 | Lair:1   | Entered Level 1 of the Lair of Beasts
  9760 | Lair:1   | Reached skill level 5 in Armour
 10425 | Lair:1   | Reached XP level 11. HP: 42/91 MP: 18/18
 10737 | Lair:1   | Noticed a five-headed hydra
 10751 | Lair:1   | Killed a five-headed hydra
 10941 | Lair:1   | Reached skill level 5 in Stealth
 11247 | Lair:1   | HP: 4/92 [poisoned by a spiny frog]
 11252 | Lair:1   | HP: 4/92 [poisoned by a spiny frog]
 11257 | Lair:1   | HP: 3/92 [poisoned by a spiny frog]
 11265 | Lair:1   | HP: 3/92 [poisoned by a spiny frog]
 12002 | Lair:1   | Noticed a five-headed hydra
 12177 | Lair:2   | Reached skill level 10 in Dodging
 13377 | Lair:2   | Noticed a six-headed hydra
 14927 | Lair:3   | Reached skill level 10 in Polearms
 15708 | Lair:3   | Found a staircase to the Shoals.
 15759 | Lair:3   | Noticed Gastronok
 15777 | Lair:3   | Killed Gastronok
 15777 | Lair:3   | Reached XP level 12. HP: 59/101 MP: 19/19
 16320 | Lair:4   | Noticed Rupert
 16363 | Lair:4   | Killed Rupert
 16363 | Lair:4   | Reached skill level 11 in Dodging
 16770 | Lair:4   | Rolled over by a boulder beetle

Action                   |  1- 3 |  4- 6 |  7- 9 | 10-12 || total
-------------------------+-------+-------+-------+-------++-------
Melee: Trident           |   145 |   245 |   711 |  1115 ||  2216
       Dagger            |       |       |       |     8 ||     8
Throw: Throwing net      |     3 |     5 |     4 |     4 ||    16
       Javelin           |       |       |     3 |    29 ||    32
Evoke: Wand              |       |       |     1 |     6 ||     7
  Use: Scroll            |     6 |     1 |     8 |     4 ||    19
       Potion            |     3 |       |     4 |     6 ||    13
 Stab: Sleeping          |     2 |     5 |     6 |     4 ||    17
       Held in net/web   |       |     4 |     6 |     2 ||    12
       Distracted        |       |       |       |     1 ||     1
  Eat: Chunk             |     4 |     5 |    15 |    26 ||    50
       Royal jelly       |       |       |       |     1 ||     1
       Pizza             |       |       |       |     1 ||     1
